Unix xNetHack Version 8.0.0 - last build Jan 14 2024 16:46:22 (be4d3c81716514284228e1a23197c27ddb32b841). Game began 2024-03-13 12:28:48, ended 2024-03-14 19:41:39. Catomat, neutral female human Wizard .}} }..}}} ....}} .. }. ..*}} .}.. G }..} ... .} }..<).} ..*)#}. .}% } . ..}# 1 } ......}}..^ };} ... }} }}}...%}} }}.@...}}.( ..}}}}...... ..} .. }}}} Catomat the Magician St:16 Dx:17 Co:17 In:15 Wi:14 Ch:14 Neutral S:24148 Dlvl:11 $:1226 HP:0(71) Pw:88(109) AC:-3 Xp:10/6713 T:21718 Stun Conf Latest messages: u - a sapphire ring {3}. What do you want to zap? [otP or ?*] A lit field surrounds you! Please move the cursor to an unknown object. (For instructions type a '?') Done. You swap places with your large dog. $ - 66 gold pieces {0} (1226 in total). You see here 12 crossbow bolts. You see here a rock. In what direction? The magic missile hits it. You kill it! The large dog picks up a crossbow bolt. The large dog drops a crossbow bolt. You see here a wooden figurine of a blue jelly. Your danger sense causes you to take a second look close by. You find a piranha. The piranha bites! The piranha bites again! In what direction? The magic missile bounces! The piranha just misses! The piranha bites! The piranha bites! The piranha bites again! In what direction? The magic missile bounces! The piranha misses! The piranha bites! The gnomish wizard casts a spell! The piranha bites! The piranha bites again! Your knowledge of this spell is twisted. It invokes nightmarish images in your mind... The piranha bites! The piranha bites again! The piranha bites! Your leather studded armor blocks the piranha's attack. Your danger sense causes you to take a second look close by. You find a piranha. # Are you sure you want to pray? [yn] (n) You begin praying to Thoth. The piranha bites! The piranha bites again! You die... Do you want your possessions identified? [ynq] (y) Do you want to see your attributes? [ynq] (y) Do you want an account of creatures vanquished? [ynaq] (y) Inventory: Inventory: 558/875 weight (32/52 slots) Coins $ - 1226 gold pieces {12} Weapons d - a blessed +0 dagger (weapon in hand) {10} Q - 4 +0 mithril daggers {24} Armor H - an uncursed rustproof +0 orcish helm (being worn) {23} G - an uncursed +0 pair of gauntlets of dexterity (being worn) {8} B - an uncursed +0 pair of mithril dwarvish boots (being worn) {24} O - an uncursed +0 small shield (being worn) {23} C - an uncursed +0 cloak of magic resistance (being worn) {8} M - an uncursed +0 leather studded armor (being worn) {150} Comestibles F - 2 uncursed C-rations {20} V - an uncursed carrot {2} D - an uncursed food ration {20} A - an uncursed tripe ration {10} Z - 2 uncursed lizard corpses {20} Scrolls q - 2 uncursed scrolls of blank paper {10} U - 2 uncursed scrolls of earth {10} Potions p - an uncursed potion of monster detection {20} Rings E - an uncursed +1 ring of gain strength (on right hand) {2} u - an uncursed ring of poison resistance {3} h - an uncursed ring of stealth {3} I - an uncursed ring of sustain ability {3} W - an uncursed ring of warning (on left hand) {4} Wands t - a wand of cold (0:4) {7} P - a wand of digging (0:3) {7} o - a wand of light (0:10) {7} Tools T - an uncursed blindfold {2} v - an uncursed lock pick {4} w - an uncursed magic whistle {3} b - a +0 pick-axe {100} k - an uncursed skeleton key {3} s - an uncursed stethoscope {4} Y - an uncursed partly used wax candle {2} Gems/Stones r - an uncursed luckstone {10} Catomat the Wizard's attributes: Background: You were a Magician, a level 10 female human Wizard. You were neutral, on a mission for Thoth who was opposed by Ptah (lawful) and Anhur (chaotic). You were heterosexual. You were in the Gnomish Mines, on level 11. You entered the dungeon 21718 turns ago. You had 6713 experience points, 3287 more were needed to attain level 11. Your score was 24148 before end-of-game adjustments. Basics: You had 0 out of 71 hit points. You had 88 out of 109 energy points (spell power). Your armor class was -3. Your wallet contained 1226 zorkmids. Autopickup was on for '$"?!=/' plus thrown. Final Characteristics: Your strength was 16 (base:15, limit:18/100). Your dexterity was 17 (limit:18). Your constitution was 17 (limit:18). Your intelligence was 15 (limit:18). Your wisdom was 14 (limit:18). Your charisma was 14 (limit:18). Final Status: You were stunned. You were confused. You were not hungry. You were unencumbered. You were wielding a dagger. You were skilled in dagger. Final Attributes: You were piously aligned. You were magic-protected. You were cold resistant. You were sleep resistant. You were poison resistant. You were telepathic. You were warned. You aggravated monsters. You had a small defense bonus (+3). You were warded. You were unlucky. You had extra luck. Bad luck did not time out for you. Good luck did not time out for you. You are dead. Miscellaneous: You never encountered a bones level. Total elapsed playing time was 9 hours, 28 minutes and 49 seconds. Major events: Turn 1: Catomat the neutral female human Wizard entered the dungeon 654: attained the rank of Conjurer (level 3) 2523: entered Sokoban 2888: completed 1st Sokoban level 3644: attained the rank of Thaumaturge (level 6) 3735: entered the Gnomish Mines 4892: reached Mine Town 9722: completed 2nd Sokoban level 10173: completed 3rd Sokoban level 18389: completed 4th Sokoban level 18899: attained the rank of Magician (level 10) 19512: acquired the Sokoban bag of holding 20004: just blew up her bag of holding 21718: killed by a piranha, while praying Vanquished creatures: 2 giant mimics a baby purple worm a stalker a winter wolf 2 small mimics a glass piercer a warhorse a sasquatch a gargoyle a dwarf ruler a tengu a python a pit viper a wraith a carnivorous ape 2 soldiers 2 crocodiles 2 giant beetles 2 cockatrices 3 wolves 3 winter wolf cubs a lynx 2 panthers 5 leprechauns a giant spider a vampire bat a forest centaur a brown pudding 2 Green-elves a gold golem 5 lizards 2 housecats 2 jaguars 2 blue jellies a plains centaur 3 Woodland-elves a water moccasin 4 apes a soldier ant a fire ant an imp a wood nymph 2 Uruk-hai 4 orc shamans 6 rock piercers 2 rock moles 3 ponies a fog cloud 3 yellow lights a shrieker 2 violet fungi 12 gnome leaders 4 gnomish wizards a black naga hatchling 3 gray oozes a barrow wight an elf zombie a ghoul 7 giant ants a little dog 4 floating eyes 3 kittens 18 dwarves 3 kobold leaders a kobold shaman 4 hill orcs 5 rothes 2 centipedes 2 giant bats 5 monkeys 2 orc zombies 3 dwarf zombies 3 wererats a werejackal 7 iguanas 9 killer bees an acid blob 2 coyotes a gas spore 8 hobbits 2 manes 2 large kobolds 2 hobgoblins 6 giant rats 6 cave spiders a brown mold a green mold a red mold 74 gnomes 5 garter snakes 3 gnome zombies 9 geckos 13 jackals 2 foxes 2 kobolds 2 goblins 6 sewer rats 11 grid bugs a bat 9 lichens 3 kobold zombies 18 newts 388 creatures vanquished. No species were genocided or became extinct. Voluntary challenges: You read items or engraved 30 times. You never genocided any monsters. You never polymorphed an object. You never touched an artifact. You used no wishes. You never scared an enemy with impunity. You were celibate. You never generated conflict. You did not violate any of the special Sokoban rules. Achievements: You entered a shop. You attained the rank of Conjurer. You entered Sokoban. You attained the rank of Thaumaturge. You entered the Gnomish Mines. You entered Minetown. You entered a temple. You attained the rank of Magician. You completed Sokoban. Dungeon overview: The Dungeons of Doom: levels 1 to 9 Level 1: Some fountains, a tree. Level 2: A general store. Stairs down to The Gnomish Mines. Level 3: Some fountains. Level 4: "vault" A general store, a fountain. Level 5: "amu cursed, spellbooks+stash" A fountain, a sink. Level 6: Many fountains, many trees. Oracle of Delphi. Level 7: An altar, a fountain. Stairs up to Sokoban, level 6. Level 8: "vault" An armor shop, a sink. Level 9: The Gnomish Mines: levels 3 to 11 Level 3: Level 4: Level 5: Level 6: "stash, cursed magic lamp" Many shops, a temple, some fountains, a sink. Level 7: Level 8: "co-unicorn" Level 9: Level 10: Level 11: <- You were here. Final resting place for you, killed by a piranha, while praying. Sokoban: levels 6 up to 3 Level 3: Solved. Level 4: Solved. Level 5: Solved. Level 6: Solved. Game over: __________ / \ / REST \ / IN \ / PEACE \ / \ | Catomat | | 1226 Au | | killed by a | | piranha | | | | | | 2024 | *| * * * | * _________)/\\_//(\/(/\)/\//\/|_)_______ Goodbye Catomat the Wizard... You died in The Gnomish Mines on dungeon level 11 with 24026 points, and 1226 pieces of gold, after 21718 moves. You were level 10 with a maximum of 71 hit points when you died.